TOP OF THE 1ST |
Niagara Falls Frenzy batting - Pitching for Baffin Island Beavers : RHP Luis Vargas
|
Pitching: RHP Luis Vargas
|
|
Batting: RHB Kel Pierce
|
0-0: Called Strike 0-1: Ball 1-1: Ball 2-1: Swinging Strike 2-2: Strikes out swinging, 2-3 out at first.
|
Batting: LHB Yasuhiko Onodera
|
0-0: Called Strike 0-1: Ball 1-1: Ball 2-1: Foul Ball, location: 2F 2-2: Foul Ball, location: 2F 2-2: Ball 3-2: Ground out U3 (Groundball, 34)
|
Batting: LHB Clyde Yarbrough
|
0-0: Ball 1-0: Fly out, F7 (Flyball, 7S)
|
Top of the 1st over - 0 run(s), 0 hit(s), 0 error(s), 0 left on base; Niagara Falls 0 - Baffin Island 0 |
BOTTOM OF THE 1ST |
Baffin Island Beavers batting - Pitching for Niagara Falls Frenzy : RHP Otis Sykes
|
Pitching: RHP Otis Sykes
|
|
Batting: LHB Javier Orozco
|
0-0: Ball 1-0: Ground out 4-3 (Groundball, 4D)
|
Batting: SHB Alonso Ferreira
|
0-0: Ball 1-0: Fly out, F8 (Flyball, 8LM)
|
Batting: RHB Dave Craig
|
0-0: Ball 1-0: Foul Ball, location: 2F 1-1: Foul Ball, location: 2F 1-2: DOUBLE (Line Drive, 89M)
|
Batting: LHB Robert Phillips
|
0-0: Called Strike 0-1: SINGLE (Line Drive, 89S) Dave Craig to third
|
Batting: RHB José Aguilera
|
0-0: Fielders Choice at 2nd, 5-4 (Groundball, 56)
|
Bottom of the 1st over - 0 run(s), 2 hit(s), 0 error(s), 1 left on base; Niagara Falls 0 - Baffin Island 0 |
TOP OF THE 2ND |
Niagara Falls Frenzy batting - Pitching for Baffin Island Beavers : RHP Luis Vargas
|
Batting: SHB Martín De Jesús
|
0-0: Ball 1-0: Foul Ball, location: 2F 1-1: Fly out, F8 (Flyball, 8RM)
|
Batting: RHB Zander Tremblett
|
0-0: Fly out, F7 (Flyball, 78D)
|
Batting: RHB Anastasio Villa
|
0-0: Called Strike 0-1: Ball 1-1: Fly out, F7 (Flyball, 78S)
|
Top of the 2nd over - 0 run(s), 0 hit(s), 0 error(s), 0 left on base; Niagara Falls 0 - Baffin Island 0 |
BOTTOM OF THE 2ND |
Baffin Island Beavers batting - Pitching for Niagara Falls Frenzy : RHP Otis Sykes
|
Batting: LHB Keng-chi Lao
|
0-0: Fly out, F4 (Popup, 4)
|
Batting: SHB Ron Edwards
|
0-0: Ball 1-0: Ball 2-0: Ground out 4-3 (Groundball, 4)
|
Batting: LHB Mike MacFadden
|
0-0: Ground out U3 (Groundball, 3L)
|
Bottom of the 2nd over - 0 run(s), 0 hit(s), 0 error(s), 0 left on base; Niagara Falls 0 - Baffin Island 0 |
TOP OF THE 3RD |
Niagara Falls Frenzy batting - Pitching for Baffin Island Beavers : RHP Luis Vargas
|
Batting: RHB Tomás Estrada
|
0-0: Called Strike 0-1: Ball 1-1: Ball 2-1: Ball 3-1: Base on Balls
|
Batting: RHB Jung-ha Kim
|
0-0: Ball Tomás Estrada steals 2nd base 1-0: Foul Ball, location: 2F 1-1: Fly out, F7 (Flyball, 78D)
|
Batting: RHB Santiago Zambrano
|
0-0: Called Strike 0-1: Ball 1-1: Ball 2-1: Fly out, F9 (Flyball, 9S)
|
Batting: RHB Kel Pierce
|
0-0: Called Strike 0-1: Ball 1-1: Ball 2-1: SINGLE (Line Drive, 78S) Tomás Estrada to third Runner from 3rd tries for Home, SAFE, no throw
|
Batting: LHB Yasuhiko Onodera
|
0-0: Called Strike 0-1: Ball 1-1: Foul Ball, location: 2F 1-2: Ball 2-2: Foul Ball, location: 2F 2-2: Fielders Choice at 2nd, 6-4 (Groundball, 6)
|
Top of the 3rd over - 1 run(s), 1 hit(s), 0 error(s), 0 left on base; Niagara Falls 1 - Baffin Island 0 |
BOTTOM OF THE 3RD |
Baffin Island Beavers batting - Pitching for Niagara Falls Frenzy : RHP Otis Sykes
|
Batting: RHB Raúl Soto
|
0-0: Ball 1-0: Ball 2-0: Foul Ball, location: 2F 2-1: Foul Ball, location: 2F 2-2: Ball 3-2: SINGLE (Groundball, 6D)
|
Batting: LHB Javier Orozco
|
0-0: Ball 1-0: Ball 2-0: Foul Ball, location: 2F 2-1: Foul Ball, location: 2F 2-2: Fielders Choice at 2nd, 4-6 (Groundball, 4)
|
Batting: SHB Alonso Ferreira
|
0-0: Called Strike 0-1: Foul Ball, location: 2F 0-2: Ball 1-2: Ball 2-2: Ground out 4-3 (Groundball, 4S) Javier Orozco to second
|
Batting: RHB Dave Craig
|
0-0: Ball 1-0: Called Strike 1-1: Ball 2-1: Swinging Strike 2-2: Ball 3-2: Ground out 5-3 (Groundball, 56S)
|
Bottom of the 3rd over - 0 run(s), 1 hit(s), 0 error(s), 1 left on base; Niagara Falls 1 - Baffin Island 0 |
TOP OF THE 4TH |
Niagara Falls Frenzy batting - Pitching for Baffin Island Beavers : RHP Luis Vargas
|
Batting: LHB Clyde Yarbrough
|
0-0: Called Strike 0-1: Foul Ball, location: 2F 0-2: Ball 1-2: SINGLE (Groundball, 4D)
|
Batting: SHB Martín De Jesús
|
0-0: Ball Clyde Yarbrough steals 2nd base 1-0: Ball 2-0: TRIPLE (Flyball, 8RS) Clyde Yarbrough scores
|
Batting: RHB Zander Tremblett
|
0-0: Ball 1-0: Ball 2-0: Foul Ball, location: 2F 2-1: Swinging Strike 2-2: Ball 3-2: SINGLE (Flyball, 9LS) Martín De Jesús scores
|
Batting: RHB Anastasio Villa
|
0-0: Ball 1-0: Ball 2-0: Called Strike 2-1: Hit by Pitch Zander Tremblett to second
|
Batting: RHB Tomás Estrada
|
0-0: Ball 1-0: Ball 2-0: Fly out, F9 (Flyball, 9LS)
|
Batting: RHB Jung-ha Kim
|
0-0: Ball 1-0: Ball 2-0: Fly out, F9 (Flyball, 9D) Runner from 2nd tags up, SAFE at 3rd, no throw
|
Batting: RHB Santiago Zambrano
|
0-0: Foul Ball, location: 2F 0-1: 3-RUN HOME RUN (Flyball, 7LD), Distance : 382 ft
|
Batting: RHB Kel Pierce
|
0-0: Called Strike 0-1: DOUBLE (Flyball, 78D)
|
Batting: LHB Yasuhiko Onodera
|
0-0: Ball 1-0: Ball 2-0: Ball 3-0: Called Strike 3-1: Foul Ball, location: 2F 3-2: Strikes out looking
|
Top of the 4th over - 5 run(s), 5 hit(s), 0 error(s), 1 left on base; Niagara Falls 6 - Baffin Island 0 |
BOTTOM OF THE 4TH |
Baffin Island Beavers batting - Pitching for Niagara Falls Frenzy : RHP Otis Sykes
|
Batting: LHB Robert Phillips
|
0-0: Called Strike 0-1: Called Strike 0-2: Foul Ball, location: 2F 0-2: Strikes out looking
|
Batting: RHB José Aguilera
|
0-0: Fly out, F7 (Line Drive, 78M)
|
Batting: LHB Keng-chi Lao
|
0-0: Ball 1-0: Called Strike 1-1: Called Strike 1-2: Foul Ball, location: 2F 1-2: Ball 2-2: Foul Ball, location: 2F 2-2: Ball 3-2: SINGLE (Line Drive, 4MD)
|
Batting: SHB Ron Edwards
|
0-0: Ball 1-0: Called Strike 1-1: Swinging Strike 1-2: Ball 2-2: Foul Ball, location: 2F 2-2: Ground out 5-3 (Groundball, 56S)
|
Bottom of the 4th over - 0 run(s), 1 hit(s), 0 error(s), 1 left on base; Niagara Falls 6 - Baffin Island 0 |
TOP OF THE 5TH |
Niagara Falls Frenzy batting - Pitching for Baffin Island Beavers : RHP Luis Vargas
|
Pitching: LHP Edgardo Guzmán
|
|
Batting: LHB Clyde Yarbrough
|
0-0: Ball 1-0: Foul Ball, location: 2F 1-1: Ball 2-1: Ground out 4-3 (Groundball, 34)
|
Batting: SHB Martín De Jesús
|
0-0: Called Strike 0-1: Ball 1-1: Swinging Strike 1-2: Ball 2-2: Ball 3-2: Base on Balls
|
Batting: RHB Zander Tremblett
|
0-0: Called Strike 0-1: Swinging Strike 0-2: Foul Ball, location: 2F 0-2: Strikes out looking
|
Batting: RHB Anastasio Villa
|
0-0: Fly out, F6 (Popup, 6D)
|
Top of the 5th over - 0 run(s), 0 hit(s), 0 error(s), 1 left on base; Niagara Falls 6 - Baffin Island 0 |
BOTTOM OF THE 5TH |
Baffin Island Beavers batting - Pitching for Niagara Falls Frenzy : RHP Otis Sykes
|
Batting: LHB Mike MacFadden
|
0-0: Ball 1-0: Ball 2-0: Called Strike 2-1: Fly out, F7 (Flyball, 7S)
|
Batting: RHB Raúl Soto
|
0-0: Ground out 6-3 (Groundball, 6)
|
Batting: LHB Javier Orozco
|
0-0: Ground out 6-3 (Groundball, 6)
|
Bottom of the 5th over - 0 run(s), 0 hit(s), 0 error(s), 0 left on base; Niagara Falls 6 - Baffin Island 0 |
TOP OF THE 6TH |
Niagara Falls Frenzy batting - Pitching for Baffin Island Beavers : LHP Edgardo Guzmán
|
Batting: RHB Tomás Estrada
|
0-0: Ball 1-0: Foul Ball, location: 2F 1-1: Foul Ball, location: 2F 1-2: Strikes out swinging
|
Batting: RHB Jung-ha Kim
|
0-0: Foul Ball, location: 2F 0-1: Foul Ball, location: 2F 0-2: Strikes out looking
|
Batting: RHB Santiago Zambrano
|
0-0: Ball 1-0: DOUBLE (Line Drive, 8LD)
|
Batting: RHB Kel Pierce
|
0-0: Ball 1-0: Foul Ball, location: 2F 1-1: Ball 2-1: Foul Ball, location: 2F 2-2: Ball 3-2: Ground out 5-3 (Groundball, 5)
|
Top of the 6th over - 0 run(s), 1 hit(s), 0 error(s), 1 left on base; Niagara Falls 6 - Baffin Island 0 |
BOTTOM OF THE 6TH |
Baffin Island Beavers batting - Pitching for Niagara Falls Frenzy : RHP Otis Sykes
|
Batting: SHB Alonso Ferreira
|
0-0: Ball 1-0: SINGLE (Groundball, 34D)
|
Batting: RHB Dave Craig
|
0-0: Ball 1-0: Foul Ball, location: 2F 1-1: Called Strike 1-2: Foul Ball, location: 2F 1-2: Ball 2-2: Ball 3-2: Ground out 5-3 (Groundball, 5S) Alonso Ferreira to second
|
Batting: LHB Robert Phillips
|
0-0: Ground out 4-3 (Groundball, 34) Alonso Ferreira to third
|
Batting: RHB José Aguilera
|
0-0: Called Strike 0-1: Foul Ball, location: 2F 0-2: Ground out 4-3 (Groundball, 34)
|
Bottom of the 6th over - 0 run(s), 1 hit(s), 0 error(s), 1 left on base; Niagara Falls 6 - Baffin Island 0 |
TOP OF THE 7TH |
Niagara Falls Frenzy batting - Pitching for Baffin Island Beavers : LHP Edgardo Guzmán
|
Batting: LHB Yasuhiko Onodera
|
0-0: Ball 1-0: Ball 2-0: Ground out U3 (Groundball, 34)
|
Batting: LHB Clyde Yarbrough
|
0-0: SINGLE (Line Drive, 34)
|
Batting: SHB Martín De Jesús
|
0-0: Called Strike 0-1: Foul Ball, location: 2F 0-2: SINGLE (Flyball, 9S) Clyde Yarbrough to second Runner from 2nd tries for 3rd, SAFE, no throw
|
Batting: RHB Zander Tremblett
|
0-0: Called Strike 0-1: Fly out, F4 (Popup, 4D)
|
Batting: RHB Anastasio Villa
|
0-0: Called Strike 0-1: Foul Ball, location: 2F 0-2: Strikes out swinging
|
Top of the 7th over - 0 run(s), 2 hit(s), 0 error(s), 2 left on base; Niagara Falls 6 - Baffin Island 0 |
BOTTOM OF THE 7TH |
Baffin Island Beavers batting - Pitching for Niagara Falls Frenzy : RHP Otis Sykes
|
Batting: LHB Keng-chi Lao
|
0-0: Called Strike 0-1: Ground out U3 (Groundball, 34)
|
Batting: SHB Ron Edwards
|
0-0: Called Strike 0-1: Swinging Strike 0-2: Ball 1-2: Ball 2-2: Ground out 4-3 (Groundball, 4)
|
Batting: LHB Mike MacFadden
|
0-0: Ball 1-0: SINGLE (Groundball, 4MD)
|
Batting: RHB Raúl Soto
|
0-0: Ball 1-0: Fly out, F7 (Line Drive, 78XD)
|
Bottom of the 7th over - 0 run(s), 1 hit(s), 0 error(s), 1 left on base; Niagara Falls 6 - Baffin Island 0 |
TOP OF THE 8TH |
Niagara Falls Frenzy batting - Pitching for Baffin Island Beavers : LHP Edgardo Guzmán
|
Pitching: RHP Steve Griffin
|
|
Batting: RHB Tomás Estrada
|
0-0: Called Strike 0-1: Ball 1-1: Foul Ball, location: 2F 1-2: Reached on error, E5 (Groundball, 56)
|
Batting: RHB Jung-ha Kim
|
0-0: Called Strike 0-1: Called Strike 0-2: Strikes out swinging
|
Batting: RHB Santiago Zambrano
|
0-0: Ground out 5-3 (Groundball, 5S) Tomás Estrada to second
|
Batting: RHB Kel Pierce
|
0-0: Called Strike 0-1: Ball 1-1: Called Strike 1-2: Foul Ball, location: 2F 1-2: Ball 2-2: SINGLE (Line Drive, 8RS) Tomás Estrada to third Runner from 3rd tries for Home, SAFE, no throw
|
Batting: LHB Yasuhiko Onodera
|
0-0: Called Strike 0-1: DOUBLE (Groundball, 3L) Kel Pierce to third Runner from 3rd tries for Home, SAFE, no throw
|
Batting: LHB Clyde Yarbrough
|
0-0: Foul Ball, location: 2F 0-1: Swinging Strike 0-2: Ball 1-2: Ground out 4-3 (Groundball, 4)
|
Top of the 8th over - 2 run(s), 2 hit(s), 1 error(s), 1 left on base; Niagara Falls 8 - Baffin Island 0 |
BOTTOM OF THE 8TH |
Baffin Island Beavers batting - Pitching for Niagara Falls Frenzy : RHP Otis Sykes
|
Batting: LHB Javier Orozco
|
0-0: Ground out 4-3 (Groundball, 4)
|
Batting: SHB Alonso Ferreira
|
0-0: Ball 1-0: Called Strike 1-1: Ground out 4-3 (Groundball, 4)
|
Batting: RHB Dave Craig
|
0-0: Ball 1-0: Ball 2-0: Foul Ball, location: 2F 2-1: Swinging Strike 2-2: Foul Ball, location: 2F 2-2: Ball 3-2: Fly out, F4 (Popup, 34D)
|
Bottom of the 8th over - 0 run(s), 0 hit(s), 0 error(s), 0 left on base; Niagara Falls 8 - Baffin Island 0 |
TOP OF THE 9TH |
Niagara Falls Frenzy batting - Pitching for Baffin Island Beavers : RHP Steve Griffin
|
Batting: SHB Martín De Jesús
|
0-0: DOUBLE (Line Drive, 9LM)
|
Batting: RHB Zander Tremblett
|
0-0: Foul Ball, location: 2F 0-1: Swinging Strike 0-2: Ball 1-2: Ball 2-2: Strikes out looking
|
Pitching: RHP Luis Féliz
|
|
Batting: RHB Anastasio Villa
|
0-0: Called Strike 0-1: Foul Ball, location: 2F 0-2: Ball 1-2: Foul Ball, location: 2F 1-2: Foul Ball, location: 2F 1-2: Strikes out swinging
|
Batting: RHB Tomás Estrada
|
0-0: Ball 1-0: Foul Ball, location: 2F 1-1: Ground out 5-3 (Groundball, 56)
|
Top of the 9th over - 0 run(s), 1 hit(s), 0 error(s), 1 left on base; Niagara Falls 8 - Baffin Island 0 |
BOTTOM OF THE 9TH |
Baffin Island Beavers batting - Pitching for Niagara Falls Frenzy : RHP Otis Sykes
|
Batting: LHB Robert Phillips
|
0-0: Ball 1-0: Ground out U3 (Groundball, 3)
|
Batting: RHB José Aguilera
|
0-0: Ball 1-0: SINGLE (Groundball, 56D)
|
Pitching: RHP Ricardo Pérez
|
|
Batting: LHB Keng-chi Lao
|
0-0: Ball 1-0: Fly out, F6 (Flyball, 6D)
|
Pinch Hitting: LHB Lorenzo Villa
|
0-0: Ball 1-0: Ball 2-0: Called Strike 2-1: Ball 3-1: Base on Balls José Aguilera to second
|
Batting: LHB Mike MacFadden
|
0-0: Called Strike 0-1: Swinging Strike 0-2: Ball 1-2: SINGLE (Groundball, 34D) José Aguilera to third Lorenzo Villa to second Runner from 3rd tries for Home, SAFE, no throw
|
Batting: RHB Raúl Soto
|
0-0: Called Strike 0-1: SINGLE (Groundball, 25) (infield hit) Lorenzo Villa to third Mike MacFadden to second
|
Batting: LHB Javier Orozco
|
0-0: Ball 1-0: Fly out, F7 (Flyball, 7)
|
Bottom of the 9th over - 1 run(s), 3 hit(s), 0 error(s), 3 left on base; Niagara Falls 8 - Baffin Island 1 |
|